 Dungeon Crawl Stone Soup version 0.31-a0-152-g6aa68a64a1 (webtiles) character file.

Game seed: 1089682983765366140

289 jasper the Digger (level 6, -4/36 HPs)
             Began as an Octopode Earth Elementalist on June 9, 2023.
             Slain by an ice beast (8 damage)
             ... on level 5 of the Dungeon.
             The game lasted 00:02:08 (2178 turns).

jasper the Digger (Octopode Earth Elementalist)     Turns: 2178, Time: 00:02:09

Health: -4/36      AC: -3    Str:  8    XL:     6   Next: 31%
Magic:  3/9        EV: 13    Int: 19    God:
Gold:   169        SH:  0    Dex: 12    Spells: 3/9 levels left

rFire   . . .        i - +2 scythe (holy)
rCold   . . .        (shield currently unavailable)
rNeg    . . .        (helmet restricted)
rPois   .            (no amulet)
rElec   .            b - ring of see invisible
rCorr   .            k - ring of flight
SInv    +            (no ring)
Will    .....        (no ring)
Stlth   +++          (no ring)
HPRegen 0.26/turn    (no ring)
MPRegen 0.11/turn    (no ring)
                     (no ring)

%: no passive effects
@: corroded, flying
A: almost no armour, amphibious, 8 rings, camouflage 1, gelatinous body 1,
(nimble swimmer 1), tentacles
a: no special abilities


You were on level 5 of the Dungeon.
You visited 1 branch of the dungeon, and saw 4 of its levels.

You collected 169 gold pieces.

Inventory:

Hand Weapons
 f - a +0 mace
 i - a +2 scythe of holy wrath (weapon)
Jewellery
 b - a ring of see invisible (left tentacle)
 k - a ring of flight (right tentacle)
Scrolls
 e - a scroll of blinking {unknown}
 j - 3 scrolls of teleportation
 n - a scroll of enchant armour
 o - a scroll of poison {unknown}
 p - a scroll of fear {unknown}
Potions
 a - a potion of magic
 c - a potion of heal wounds
 d - 3 potions of might
 g - a potion of haste
 h - a potion of attraction {unknown}
 l - a potion of mutation {unknown}
 m - 2 potions of enlightenment {unknown}


   Skills:
 - Level 2.0 Dodging
 - Level 2.6 Stealth
 - Level 2.0 Spellcasting
 - Level 1.0 Transmutations
 + Level 6.9 Earth Magic


You had 3 spell levels left.
You knew the following spells:

 Your Spells              Type           Power      Damage    Failure   Level
a - Sandblast             Erth           56%        2d13      1%          1
b - Passwall              Tmut/Erth      13%        N/A       4%          2
c - Stone Arrow           Conj/Erth      30%        3d8       12%         3

Your spell library contained the following spells:

 Spells                   Type           Power      Damage    Failure   Level
 Petrify                  Tmut/Erth      16%        N/A       32%         4


Dungeon Overview and Level Annotations

Branches:
Dungeon (5/15)
 Temple: D:4-7

Altars:
Zin


Innate Abilities, Weirdness & Mutations

You cannot wear most types of armour.
You are amphibious.
You can wear up to eight rings at the same time.
Your skin changes colour to match your surroundings (Stealth+).
Your rubbery body absorbs attacks. (AC +1, EV +1)
((You are camouflaged when in or above water. (Stealth+)))
You have tentacles for arms and can constrict up to eight enemies at once.


Message History

An iguana comes into view.
The hound barely misses you.
You now have 8/9 mp.
Aiming: Sandblast (safe; 1% risk of failure)
Press: ? - help, Q - select action, (/) - cycle Shift-Dir - straight line, f/p - hound
Aim: a hound (heavily wounded, 76% to hit)
The blast of sand misses the hound.
The iguana hisses angrily.
The hound closely misses you. The hound bites you.
You take 2 damage, and have 34/36 hp.
You now have 7/9 mp.
Aiming: Sandblast (safe; 1% risk of failure)
Press: ? - help, Q - select action, (/) - cycle Shift-Dir - straight line, f/p - hound
Aim: a hound (heavily wounded, 76% to hit)
The blast of sand hits the hound!
You kill the hound!
You now have 6/9 mp.
Aiming: Sandblast (safe; 1% risk of failure)
Press: ? - help, Q - select action, (/) - cycle Shift-Dir - straight line, f - jelly
Aim: a jelly (100% to hit)
The blast of sand hits the jelly!
The jelly is severely wounded.
The jelly hits you. The acid corrodes you!
You are splashed with acid.
You take 8 damage, and have 26/36 hp.
MASSIVE DAMAGE!!
You now have 5/9 mp.
Aiming: Sandblast (safe; 1% risk of failure)
Press: ? - help, Q - select action, (/) - cycle Shift-Dir - straight line, f/p - jelly
Aim: a jelly (severely wounded, 100% to hit)
The blast of sand hits the jelly.
You kill the jelly!
You now have 4/9 mp.
Aiming: Sandblast (safe; 1% risk of failure)
Press: ? - help, Q - select action, (/) - cycle Shift-Dir - straight line, f - ice beast
Aim: an ice beast (83% to hit)
The blast of sand hits the ice beast!
The ice beast is moderately wounded.
The ice beast hits you. The ice beast freezes you! The iguana bites you!
* * * LOW HITPOINT WARNING * * *
The ice beast hits you.
* * * LOW HITPOINT WARNING * * *
The ice beast freezes you!
You die...

#.######## ...
#....#...##........
####...#..#..#.....
##.###...###....
#..#..#.. .....
##...## ......
##.## #......
##...###l......
#..#..#@Y#..#
#.###...###.#
#..#..#..#..#
##...###...## #####
#..... ###.# .# .


You could see an ice beast and an iguana.

Vanquished Creatures
  Sigmund (D:2)
  A hound (D:5)
  A jelly (D:5)
  3 adders
  A dart slug (D:1)
  5 orcs (D:5)
  2 bats
  3 endoplasms
  2 giant cockroaches
  4 goblins
  5 hobgoblins
  3 kobolds
  A quokka (D:1)
  4 ball pythons
  3 rats
39 creatures vanquished.

Notes
Turn   | Place    | Note
-------+----------+-------------------------------------------
     0 | D:1      | jasper the Octopode Earth Elementalist began the quest for
                  | the Orb.
     0 | D:1      | Reached XP level 1. HP: 11/11 MP: 3/3
   138 | D:1      | Reached XP level 2. HP: 17/17 MP: 3/5
   141 | D:1      | Learned a level 2 spell: Passwall
   621 | D:1      | Reached skill level 4 in Earth Magic
   943 | D:2      | Found a faded altar of an unknown god.
  1006 | D:2      | Noticed Sigmund
  1013 | D:2      | Killed Sigmund
  1014 | D:2      | Reached skill level 6 in Earth Magic
  1014 | D:2      | Reached XP level 3. HP: 7/21 MP: 0/6
  1014 | D:2      | Reached XP level 4. HP: 9/27 MP: 0/7
  1014 | D:2      | Reached XP level 5. HP: 10/31 MP: 0/8
  1022 | D:2      | Learned a level 3 spell: Stone Arrow
  1184 | D:2      | Found a glowing silver altar of Zin.
  1993 | D:3      | You fall into a shaft and drop 2 floors!
  1993 | D:5      | Entered Level 5 of the Dungeon
  2083 | D:5      | Reached XP level 6. HP: 36/36 MP: 7/9
  2172 | D:5      | Noticed an ice beast
  2178 | D:5      | Slain by an ice beast

Illustrated notes

Levels and vault maps discovered:
D:1:      minmay_arrival_stone_box, layout_loops_ring,
          dreamdust_princess_bridge, chequers_serial_rivers_micro_a
D:2:      layout_loops_corners, basic_altar,
          ebering_ecumenical_altar_sacrificial, uniq_sigmund
D:3:      layout_basic, gammafunk_temple_overflow_claw
D:5:      layout_basic, serial_glass, glass_columns_a, glass_columns_a,
          glass_columns_b, glass_columns_a, glass_columns_a, glass_columns_c,
          minmay_strange_pillars, minmay_misc_feat_five,
          eino_small_chamber_without_monster

Skill      XL: |  1  2 |
---------------+-------+-----
Earth Magic    | 6 |  6.9
Dodging        | |  2.0
Stealth        | |  2.6
Spellcasting   | |  2.0
Transmutations | |  1.0

Action                     |  1- 3 |  4- 6 || total
---------------------------+-------+-------++-------
  Melee: Mace              |     1 |       ||     1
         Tentacles         |     1 |       ||     1
   Cast: Sandblast         |    28 |    31 ||    59
    Use: Scroll            |     3 |     4 ||     7
  Dodge: Dodged            |     6 |     4 ||    10

Table legend: (Time is in decaauts)
 A = Elapsed time spent in this place.
 B = Non-inter-level travel time spent in this place.
 C = Inter-level travel time spent in this place.
 D = Time resting spent in this place.
 E = Time spent auto-exploring this place.
 F = Levels seen in this place.
 G = Mean time per level.
                   A        B        C        D        E       F      G
               +--------+--------+--------+--------+--------+-----+--------+
         Total |   2204 |   2164 |     40 |     35 |   1877 |   4 |  551.0 |
       Dungeon |   2204 |   2164 |     40 |     35 |   1877 |   4 |  551.0 |
               +--------+--------+--------+--------+--------+-----+--------+

Top non-repeatable levels by time:
     D:2: 1059 daAuts
     D:1: 874 daAuts
     D:5: 190 daAuts
     D:3: 80 daAuts
